 Seeded DCSS version 0.31-a0-66-ge618eeaa78 (webtiles) character file.

Game seed: 12735965570273765983 (custom seed)

319 Pimp the Shooter (level 6, -2/37 HPs)
             Began as a Deep Elf Hunter on May 22, 2023.
             Was an Initiate of Okawaru.
             Slain by a troll (8 damage)
             ... on level 5 of the Dungeon.
             The game lasted 00:03:00 (1371 turns).

Pimp the Shooter (Deep Elf Hunter)                  Turns: 1371, Time: 00:03:00

Health: -2/37      AC:  4    Str: 10    XL:     6   Next: 21%
Magic:  8/8        EV: 19    Int: 14    God:    Okawaru [......]
Gold:   106        SH:  0    Dex: 20    Spells: 5/5 levels left

rFire   + . .        e - +1 longbow (heavy)
rCold   + . .        (shield currently unavailable)
rNeg    . . .        c - +0 leather armour
rPois   .            (no helmet)
rElec   +            (no cloak)
rCorr   .            j - +0 pair of gloves
SInv    .            (no boots)
Will    .....        (no amulet)
Stlth   +++          f - ring "Jeacw" {rElec rF+ rC+ Str+2 Slay+3}
HPRegen 0.26/turn    m - +5 ring of evasion
MPRegen 0.11/turn

%: no passive effects
@: no status effects
A: no striking features
a: Renounce Religion


You were on level 5 of the Dungeon.
You worshipped Okawaru.
Okawaru was noncommittal.
You visited 2 branches of the dungeon, and saw 5 of its levels.

You collected 106 gold pieces.

Inventory:

Hand Weapons
 a - a +0 shortbow
 e - a +1 heavy longbow (weapon)
Armour
 c - a +0 leather armour (worn)
 j - a +0 pair of gloves (worn)
Jewellery
 f - the ring "Jeacw" (left hand) {rElec rF+ rC+ Str+2 Slay+3}
   (You acquired it on level 1 of the Dungeon)

   [ring of protection from fire]

   Str:       It affects your strength (+2).
   Slay:      It affects your accuracy & damage with ranged weapons and melee
   (+3).
   rF:        It protects you from fire.
   rC:        It protects you from cold.
   rElec:     It insulates you from electricity.
 m - a +5 ring of evasion (right hand)
 n - a ring of magical power
 o - an amulet of the acrobat
 p - a +4 ring of slaying
Scrolls
 b - 2 scrolls of immolation
Potions
 d - a potion of degeneration
 g - a potion of berserk rage {unknown}
 h - a potion of attraction {unknown}
 i - 4 potions of mutation {unknown}
 k - 2 potions of curing {unknown}
 l - a potion of brilliance {unknown}


   Skills:
 + Level 3.0 Fighting
 + Level 6.7 Ranged Weapons
 + Level 4.5 Dodging
 + Level 4.1 Stealth


You had 5 spell levels left.
You didn't know any spells.
Your spell library was empty.

Dungeon Overview and Level Annotations

Branches:
Dungeon (5/15)             Temple (1/1) D:5

Altars:
Gozag
Okawaru
Qazlal


Message History

You kill the hound!
Okawaru accepts your kill.
Your Stealth skill increases to level 4!
You have reached level 6!
Found a stone staircase leading down.
There is a stone staircase leading up here.
An iguana comes into view.
An iguana is nearby!
An iguana is nearby!
You shoot an arrow. The arrow hits the iguana.
The iguana is lightly wounded.
You hear a shout! x2
You shoot an arrow. The arrow barely misses the iguana.
A troll comes into view.
An adder comes into view.
You shoot an arrow. The arrow hits the iguana!!
You kill the iguana!
Okawaru accepts your kill.
Your Fighting skill increases to level 3!
There are monsters nearby!
You shoot an arrow. The arrow closely misses the troll.
A centaur comes into view.
You shoot an arrow. The arrow closely misses the troll.
The centaur shouts!
The troll bites you! The troll claws you but does no damage.
The troll completely misses you.
A scorpion comes into view.
The troll bites you but does no damage. The troll claws you.
The troll misses you. The troll attacks as you move away! The troll misses you.
The troll claws you!
* * * LOW HITPOINT WARNING * * *
The troll completely misses you. The troll attacks as you move away!
The troll misses you. x2
The troll completely misses you.
There is a stone staircase leading up here.
The troll bites you.
* * * LOW HITPOINT WARNING * * *
The troll claws you.
* * * LOW HITPOINT WARNING * * *
The troll claws you!
You die...

#.# .### ... ##.##...## †.
#.)....... ####.#
##........ #....# #........
####.#### #.......#
####....# #....[..#
#S.c.####
#####........####T####
....÷...........@.########
#####......#.####.#...)..#
#####......#..##..#......#
...##......##...>........#
...##......#######.......#
.#.##......# #####.......#.
.#.##....).# #.........†...
.####......###.####......##
................# #####.##


You could see a troll, a centaur and an adder.

Vanquished Creatures
  An ice beast (D:5)
  2 hounds (D:5)
  Jessica (D:2)
  2 iguanas (D:5)
  2 adders
  A shadow imp (D:5)
  4 worms (D:2)
  2 dart slugs (D:2)
  An orc (D:5)
  6 ball pythons
  5 endoplasms
  2 goblins
  7 hobgoblins
  5 jackals (D:1)
  4 kobolds
  2 quokkas (D:1)
  3 bats
  2 frilled lizards
  4 rats
56 creatures vanquished.

Notes
Turn   | Place    | Note
-------+----------+-------------------------------------------
     0 | D:1      | Pimp the Deep Elf Hunter began the quest for the Orb.
     0 | D:1      | Reached XP level 1. HP: 12/12 MP: 3/3
    42 | D:1      | Identified 2 scrolls of acquirement
    42 | D:1      | Acquired the ring "Jeacw" {rElec rF+ rC+ Str+2 Slay+3}
    43 | D:1      | Acquired a +1 heavy longbow
    82 | D:1      | Reached XP level 2. HP: 17/17 MP: 4/4
   527 | D:1      | Reached XP level 3. HP: 21/21 MP: 5/5
   597 | D:2      | Noticed Jessica
   653 | D:2      | Killed Jessica
   764 | D:2      | Reached XP level 4. HP: 26/26 MP: 6/6
   879 | D:2      | Found an opulent altar of Gozag.
   999 | D:3      | Reached skill level 6 in Ranged Weapons
  1099 | D:3      | You fall into a shaft and drop 2 floors!
  1099 | D:5      | Entered Level 5 of the Dungeon
  1112 | D:5      | Reached XP level 5. HP: 25/31 MP: 7/7
  1149 | D:5      | Found a staircase to the Ecumenical Temple.
  1167 | Temple   | Entered the Ecumenical Temple
  1182 | Temple   | Became a worshipper of Warmaster Okawaru
  1329 | D:5      | Noticed an ice beast
  1332 | D:5      | Killed an ice beast
  1339 | D:5      | Reached XP level 6. HP: 36/36 MP: 8/8
  1359 | D:5      | Noticed a troll
  1371 | D:5      | Slain by a troll

Illustrated notes

Levels and vault maps discovered:
D:1:      dpeg_arrival_long_road, layout_loops_cross, hex_tiny
D:2:      layout_rooms, basic_altar, uniq_jessica
D:3:      layout_rooms, serial_shops, shop, st_stairs_8, grunt_ministairs_10
D:5:      layout_basic, nicolae_uskayaw_suspiria, mainiacjoe_overflow_boulevard,
          minmay_temple_entry_slanted, minmay_manual_monstrance
Temple:   jpeg_temple_clearing

Skill      XL: |  1  2  3  4  5  6 |
---------------+-------------------+-----
Stealth        | 2 3 4 |  4.1
Dodging        | 3 4 |  4.5
Fighting       | 2 3 |  3.0
Ranged Weapons | 6 |  6.7

Action                     |  1- 3 |  4- 6 || total
---------------------------+-------+-------++-------
   Fire: Longbow           |    39 |    43 ||    82
    Use: Scroll            |     3 |     1 ||     4
 Armour: Leather armour    |     8 |     3 ||    11
  Dodge: Dodged            |    18 |    16 ||    34

Table legend: (Time is in decaauts)
 A = Elapsed time spent in this place.
 B = Non-inter-level travel time spent in this place.
 C = Inter-level travel time spent in this place.
 D = Time resting spent in this place.
 E = Time spent auto-exploring this place.
 F = Levels seen in this place.
 G = Mean time per level.
                   A        B        C        D        E       F      G
               +--------+--------+--------+--------+--------+-----+--------+
         Total |   1464 |   1409 |     55 |     60 |   1023 |   5 |  292.8 |
       Dungeon |   1434 |   1393 |     41 |     60 |   1023 |   4 |  358.5 |
        Temple |     30 |     16 |     14 |      0 |      0 |   1 |   30.0 |
               +--------+--------+--------+--------+--------+-----+--------+

Top non-repeatable levels by time:
     D:1: 622 daAuts
     D:2: 434 daAuts
     D:5: 262 daAuts
     D:3: 114 daAuts
  Temple: 30 daAuts
